 Dungeon Crawl Stone Soup version 0.28.0-53-g5a82cb258f (webtiles) character file.

Game seed: 48539215534212697

1225 Peloso the Slasher (level 8, -5/70 HPs)
             Began as a Minotaur Fighter on July 24, 2022.
             Was an Initiate of Okawaru.
             Slain by an ogre
             ... wielding a +0 giant club
              (15 damage)
             ... on level 6 of the Dungeon.
             The game lasted 00:06:12 (4692 turns).

Peloso the Slasher (Minotaur Fighter)               Turns: 4692, Time: 00:06:13

Health: -5/70      AC: 10    Str: 21    XL:     8   Next: 23%
Magic:  7/7        EV: 10    Int:  5    God:    Okawaru [......]
Gold:   313        SH:  5    Dex: 12    Spells: 7/7 levels left

rFire   . . .      SeeInvis .   a - +3 falchion
rCold   . . .      Faith    .   c - +0 buckler
rNeg    . . .      Spirit   .   l - +0 scale mail
rPois   .          Reflect  .   (helmet restricted)
rElec   .          Harm     .   s - +0 cloak
rCorr   .          Rampage  .   t - +0 pair of gloves
Will    .....                   (no boots)
Stlth   ..........              (no amulet)
HPRegen 0.21/turn               (no ring)
MPRegen 0.10/turn               (no ring)

@: about to teleport
A: horns 2, retaliatory headbutt
a: Renounce Religion


You were on level 6 of the Dungeon.
You worshipped Okawaru.
Okawaru was noncommittal.
You visited 2 branches of the dungeon, and saw 7 of its levels.

You collected 313 gold pieces.

Inventory:

Hand Weapons
 a - a +3 falchion (weapon)
 b - a +0 long sword
Armour
 c - a +0 buckler (worn)
 l - a +0 scale mail (worn)
 s - a +0 cloak (worn)
 t - a +0 pair of gloves (worn)
Jewellery
 v - a ring of flight
Scrolls
 e - 2 scrolls of noise {unknown}
 f - 2 scrolls of teleportation
 h - 3 scrolls of amnesia {unknown}
 i - 5 scrolls of identify {unknown}
 k - 6 scrolls of vulnerability {unknown}
 p - a scroll of torment {unknown}
 q - a scroll of fog {unknown}
 r - 2 scrolls of magic mapping {unknown}
 u - a scroll of blinking {unknown}
Potions
 d - a potion of might
 g - 2 potions of attraction {unknown}
 j - a potion of flight {unknown}
 m - a potion of degeneration {unknown}
 n - 3 potions of haste {unknown}
 o - 3 potions of curing {unknown}


   Skills:
 + Level 5.9 Fighting
 + Level 7.8 Long Blades
 + Level 7.1 Armour
 + Level 2.4 Dodging
 + Level 1.1 Stealth
 + Level 5.1 Shields


You had 7 spell levels left.
You didn't know any spells.
Your spell library contained the following spells:

 Spells                   Type           Power      Damage    Failure   Level
 Portal Projectile        Hex/Tloc       0%         N/A       99%         3
 Leda's Liquefaction      Hex/Erth       0%         N/A       100%        4
 Alistair's Intoxication  Tmut/Pois      0%         N/A       100%        5
 Borgnjor's Vile Clutch   Necr/Erth      0%         N/A       100%        5
 Eringya's Noxious Bog    Tmut/Pois      0%         N/A       100%        6
 Call Canine Familiar     Summ           Unusable   N/A       N/A         3

Dungeon Overview and Level Annotations

Branches:
Dungeon (6/15)             Temple (1/1) D:6

Altars:
Cheibriados
Fedhas
Gozag
Hepliaklqana
Kikubaaqudgha
Nemelex Xobeh
Okawaru
Qazlal
Sif Muna
Trog
Uskayaw
Vehumet
Xom
Zin
The Shining One


Innate Abilities, Weirdness & Mutations

You have a pair of horns on your head.
You reflexively headbutt those who attack you in melee.


Message History

An ice beast comes into view.
The jelly hits you but does no damage.
You slash the jelly!
Your hands burn!
You headbutt the jelly!
You kill the jelly!
Okawaru accepts your kill.
Your Shields skill increases to level 5!
You barely miss the ice beast.
The ice beast hits you but does no damage.
You hit the ice beast.
The ice beast is moderately wounded.
The ice beast hits you but does no damage.
You slash the ice beast!
The ice beast is heavily wounded.
The ice beast hits you but does no damage.
You hit the ice beast but do no damage.
The ice beast is heavily wounded.
The ice beast barely misses you.
An ogre comes into view. It is wielding a +0 giant club.
The ogre shouts!
You hit the ice beast.
The ice beast is severely wounded.
The ice beast hits you. The ice beast freezes you!
You slash the ice beast!
You kill the ice beast!
Okawaru accepts your kill.
The ogre hits you with a +0 giant club!!
You slash the ogre!
The ogre is heavily wounded.
You hit the ogre.
The ogre is severely wounded.
The ogre hits you with a +0 giant club!
* * * LOW HITPOINT WARNING * * *
You slash the ogre!
You kill the ogre!
Okawaru accepts your kill.
Your Armour skill increases to level 7!
As you read the scroll labelled SOTHEXT HIOQAE, it crumbles to dust.
You feel strangely unstable.
It was a scroll of teleportation.
The ogre hits you with a +0 giant club!
You die...

# ##+#######+##
###. #...........#
.... #...........#
.....#...........#
....#.........@.#
............O..#
#####+#...........#
......)...#########
..........#......#
..........#......#
..........#......#
..........#......#
..........#......#


You could see an ogre.

Vanquished Creatures
  Prince Ribbit (D:5)
  An ice beast (D:6)
  2 black bears (D:5)
  2 necrophages
  An ogre (D:6)
  A scorpion (D:5)
  A howler monkey (D:6)
  A centaur skeleton (D:6)
  3 jellies
  An iguana (D:5)
  A scorpion zombie (D:5)
  2 orc wizards (D:5)
  A hound skeleton (D:4)
  3 gnolls (D:5)
  4 adders
  A white imp (D:5)
  An ufetubus (D:5)
  An adder skeleton (D:5)
  A worm (D:4)
  4 dart slugs
  9 orcs (D:5)
  5 ball pythons
  6 bats
  9 endoplasms
  3 giant cockroaches (D:1)
  7 goblins
  4 hobgoblins
  4 jackals (D:4)
  3 quokkas
  2 frilled lizards (D:2)
  6 kobolds
  7 rats
98 creatures vanquished.

Vanquished Creatures (others)
  A fungus (D:1)
  3 toadstools (D:1)
4 creatures vanquished.

Grand Total: 102 creatures vanquished

Notes
Turn   | Place    | Note
-------+----------+-------------------------------------------
     0 | D:1      | Peloso the Minotaur Fighter began the quest for the Orb.
     0 | D:1      | Reached XP level 1. HP: 19/19 MP: 0/0
   154 | D:1      | Reached XP level 2. HP: 26/27 MP: 1/1
   163 | D:1      | Found a faded altar of an unknown god.
   803 | D:2      | Reached XP level 3. HP: 33/33 MP: 2/2
  2170 | D:4      | Noticed a necrophage
  2175 | D:4      | Killed a necrophage
  2176 | D:4      | Reached skill level 1 in Dodging
  2176 | D:4      | Reached XP level 4. HP: 40/40 MP: 3/3
  2176 | D:4      | Reached XP level 5. HP: 46/46 MP: 4/4
  2916 | D:4      | Reached skill level 5 in Long Blades
  3092 | D:5      | Entered Level 5 of the Dungeon
  3092 | D:5      | Noticed a necrophage
  3105 | D:5      | Killed a necrophage
  3106 | D:5      | Reached skill level 5 in Armour
  3106 | D:5      | Reached XP level 6. HP: 41/53 MP: 5/5
  3152 | D:5      | Noticed Prince Ribbit
  3161 | D:5      | Killed Prince Ribbit
  3162 | D:5      | Reached XP level 7. HP: 30/60 MP: 6/6
  3541 | D:5      | Reached skill level 5 in Fighting
  3730 | D:5      | Reached skill level 1 in Stealth
  4390 | D:6      | Found a staircase to the Ecumenical Temple.
  4400 | Temple   | Entered the Ecumenical Temple
  4540 | Temple   | Became a worshipper of Warmaster Okawaru
  4668 | D:6      | Reached XP level 8. HP: 66/69 MP: 7/7
  4673 | D:6      | Reached skill level 5 in Shields
  4692 | D:6      | Slain by an ogre

Illustrated notes

Levels and vault maps discovered:
D:1:      minmay_arrival_stair_chambers, layout_rooms,
          shapermc_ecumenical_altar_hornbeckon, minmay_gold_behind_fungi
D:2:      layout_loops_ring
D:3:      layout_basic, lemuel_another_geyser
D:4:      layout_basic, kennysheep_cross_bottleneck, minmay_pentomino_pile
D:5:      layout_basic, uniq_prince_ribbit1
D:6:      layout_gridville, minmay_temple_entry_mini_moons,
          hangedman_minor_gate_pass
Temple:   mainiacjoe_temple_circle_huts

Skill      XL: |  1  2  3  4  5  6  7  8 |
---------------+-------------------------+-----
Fighting       | 4 5 |  5.9
Armour         | 4 5 6 7 |  7.1
Long Blades    | 3 4 5 6 7 |  7.8
Shields        | 4 5 |  5.1
Dodging        | 1 2 |  2.4
Stealth        | 1 |  1.1

Action                   |  1- 3 |  4- 6 |  7- 9 || total
-------------------------+-------+-------+-------++-------
Melee: Long sword        |    42 |       |       ||    42
       Headbutt          |    14 |    11 |    19 ||    44
       Falchion          |    32 |    66 |   100 ||   198
  Use: Scroll            |       |       |     1 ||     1
Armor: Scale mail        |    33 |    22 |    39 ||    94
Dodge: Dodged            |    50 |    27 |    43 ||   120
Block: Buckler           |    14 |     8 |    23 ||    45
